 Dungeon Crawl Stone Soup version 0.24-a0-125-gdf02491 (webtiles) character file.

Game seed: 0

14697 emperorscorpion the Covert (level 11, -11/41 HPs)
             Began as a Felid Monk on Feb 22, 2019.
             Was a High Priest of Hepliaklqana.
             Mangled by a spiny frog (25 damage)
             ... on level 1 of the Lair of Beasts on Feb 23, 2019.
             The game lasted 01:10:23 (22215 turns).

emperorscorpion the Covert (Felid Monk)            Turns: 22215, Time: 01:10:24

Health: -11/41     AC:  2    Str:  8    XL:     11   Next: 92%
Magic:  11/24      EV: 25    Int: 14    God:    Hepliaklqana [*****.]
Gold:   1371       SH:  0    Dex: 19    Spells: 11/27 levels left
                                        Lives:  0   Deaths: 3

rFire    + . .     SeeInvis +     - Unarmed
rCold    + . .     Gourm    .   (shield unavailable)
rNeg     . . .     Faith    .   (armour unavailable)
rPois    .         Spirit   .   (helmet unavailable)
rElec    .         Reflect  .   (cloak unavailable)
rCorr    .         Harm     .   (gloves unavailable)
MR       +....                  (boots unavailable)
Stlth    ++++++....             t - amulet of the acrobat
HPRegen  0.13/turn              u - ring of flight
MPRegen  0.19/turn              (no ring)

@: quick
A: very small, no armour, no weapons or thrown items, stealth, reduced essence,
claws 1, fangs 3, see invisible, carnivore, cold resistance 1, fire resistance
1, speed 1, shaggy fur 2, slow metabolism 1, subdued magic 1, sharp paws
a: Recall Ancestor, Ancestor Identity, Transference, Idealise, Renounce
Religion, Evoke Flight


You were on level 1 of the Lair of Beasts.
You worshipped Hepliaklqana.
Hepliaklqana was extremely pleased with you.
You were completely stuffed.

You visited 4 branches of the dungeon, and saw 17 of its levels.
You also visited: Bailey.

You collected 1371 gold pieces.

Inventory:

Missiles
 b - 119 stones
Jewellery
 p - a +1 ring of evasion {unknown}
 t - an amulet of the acrobat (around neck)
 u - a ring of flight (left paw)
Wands
 d - a wand of paralysis (10)
 h - a wand of flame (9)
 m - a wand of polymorph (17)
 s - a wand of acid (5)
Scrolls
 c - a scroll of fear
 f - 3 scrolls of amnesia
 g - 2 scrolls of immolation
 i - 3 scrolls of teleportation
 j - 14 scrolls of identify
 r - a scroll of summoning
 v - 4 scrolls of remove curse
 y - a scroll of vulnerability
Potions
 e - a potion of might
 k - 2 potions of flight
 l - a potion of haste
 n - a potion of agility
 o - 3 potions of curing
 q - a potion of resistance
Comestibles
 a - 14 rations
 w - a chunk of flesh


   Skills:
 + Level 4.3 Fighting
 + Level 8.6 Dodging
 + Level 12.3 Stealth
 - Level 10.2 Unarmed Combat
 + Level 8.8 Spellcasting
 - Level 2.6 Conjurations
 + Level 0.3 Summonings
 + Level 1.2 Transmutations
 + Level 8.1 Earth Magic
 + Level 1.1 Invocations
 + Level 3.7 Evocations


You had 11 spell levels left.
You knew the following spells:

 Your Spells              Type           Power        Failure   Level  Hunger
a - Sandblast             Erth           ###...       1%          1    None
b - Stone Arrow           Conj/Erth      ###...       2%          3    ##.....
c - Lee's Rapid Deconstr  Erth           ###.......   10%         5    #####..
d - Petrify               Tmut/Erth      ##......     14%         4    ####...
e - Passwall              Tmut/Erth      ##......     1%          2    None
f - Summon Butterflies    Summ           #.......     9%          1    None

Your spell library contained the following spells:

 Spells                   Type           Power        Failure   Level  Hunger
 Flame Tongue             Conj/Fire      #....        5%          1    None
 Throw Flame              Conj/Fire      #.....       9%          2    None
 Corona                   Hex            #......      10%         1    None
 Ensorcelled Hibernation  Hex/Ice        #.....       16%         2    None
 Conjure Flame            Conj/Fire      #.......     17%         3    ##.....
 Dazzling Spray           Conj/Hex       #.....       17%         3    ##.....
 Call Canine Familiar     Summ           #.......     26%         3    ##.....
 Confuse                  Hex            #.......     30%         3    ##.....
 Inner Flame              Hex/Fire       #.......     30%         3    ##.....
 Tukima's Dance           Hex            #.......     30%         3    ##.....
 Sticky Flame             Conj/Fire      #.......     52%         4    ####...
 Summon Ice Beast         Ice/Summ       #.......     69%         4    ####...
 Fireball                 Conj/Fire      #.........   86%         5    #####..
 Summon Mana Viper        Hex/Summ       #.......     96%         5    #####..
 Summon Hydra             Summ           #.........   100%        7    #######


Dungeon Overview and Level Annotations

Branches:
Dungeon (12/15)            Temple (1/1) D:5            Lair (2/6) D:11
    Orc (2/2) D:12            Elf (0/3) Orc:2
  Swamp: Lair:2-4    Shoals: Lair:2-4     Snake: Lair:2-4    Spider: Lair:2-4

Altars:
Cheibriados
Dithmenos
Elyvilon
Fedhas
Gozag
Hepliaklqana
Kikubaaqudgha
Makhleb
Nemelex Xobeh
Okawaru
Qazlal
Ru
Sif Muna
Trog
Uskayaw
Vehumet
Wu Jian
Xom
Yredelemnul
Zin
The Shining One
Beogh

Shops:
D:6 }

Annotations:
D:2 1 runed translucent door, Crazy Yiuf
D:6 exclusion: oklob plant
D:7 Harold
D:9 exclusion: door
D:11 exclusion: cyclops
Orc:2 Azrael


Innate Abilities, Weirdness & Mutations

You cannot wear armour.
You are incapable of wielding weapons or throwing items.
Your paws allow you to move quietly. (Stealth)
You have sharp claws.
You have razor-sharp teeth.
You have supernaturally acute eyesight. (SInv)
You are carnivorous and can eat meat at any time.
You cover ground quickly.
You are covered in thick fur. (AC +2)
You have a slow metabolism.
Your sharp claws are effective at attacking unaware monsters.
Your life essence is reduced to manifest your ancestor. (-10% HP)
Your flesh is cold resistant. (rC+)
Your flesh is heat resistant. (rF+)
Your spells are a little easier to cast, but a little less powerful.


Message History

Casting: Stone Arrow (safe; 3% risk of failure)
Confirm with . or Enter, or press ? or * to list all spells.
Aiming: Stone Arrow (safe; 3% risk of failure)
Press: ? - help, Shift-Dir - straight line, f/p - crocodile
Aim: a crocodile (almost dead) Really fire in your ally Jabu's direction?
The stone arrow hits the spiny frog.
The spiny frog is heavily wounded.
The spiny frog completely misses you.
Jabu hits the crocodile with a +0 flail!
The crocodile dies!
Found a leather armour.
Casting: Stone Arrow (safe; 2% risk of failure)
Confirm with . or Enter, or press ? or * to list all spells.
Aiming: Stone Arrow (safe; 2% risk of failure)
Press: ? - help, Shift-Dir - straight line, f - spiny frog
Aim: a spiny frog (heavily wounded)
The stone arrow misses the spiny frog.
The spiny frog stings you!!
Ouch! That really hurt!
You die...

.####+#.#
##............##......#
## ###
##P#####.#####.......#
####....### #####+###
###.#.##.# #........#
#........# ####+####
#........###........
...##........#.+........
#..P..@F..R............
#...........P##........
####........###........
#.##.##..# #........ ##
#.##### #####.##. .[#
### .### P.


You could see the friendly Jabu the knight and a spiny frog.

Vanquished Creatures
  A hydra (D:11)
  Pikel (D:7)
  2 orc knights (Orc:1)
  An elephant (D:11)
  Maurice (D:10)
  A torpor snail (Lair:2)
  3 spiny frogs
  2 trolls
  A hippogriff (D:10)
  A wyvern (D:10)
  11 yaks
  A basilisk (D:12)
  2 steam dragons
  2 fire elementals (Orc:1)
  Menkaure (D:6)
  3 wargs (Orc:1)
  2 hell hounds (Orc:1)
  3 water moccasins
  3 phantoms
  7 orc warriors
  2 ice beasts
  A sky beast (D:9)
  An eye of draining (D:12)
  5 crocodiles
  3 centaurs (D:11)
  A big kobold (D:8)
  2 ogres
  6 bullfrogs
  6 scorpions
  A wyvern skeleton (D:7)
  2 killer bees (D:8)
  3 howler monkeys
  2 wights
  2 quasits
  4 crimson imps
  6 hounds
  6 jellies
  3 orc priests
  A bullfrog skeleton (D:2)
  6 iguanas
  A centaur skeleton (D:8)
  2 hell rats (Lair:2)
  4 orc wizards
  6 worker ants
  4 hound skeletons
  2 gnolls
  11 adders
  3 shadow imps
  5 oozes (D:6)
  A worm (D:3)
  2 leopard geckos
  28 orcs
  2 ball pythons
  5 giant cockroaches
  10 hobgoblins
  5 jackals
  14 kobolds
  7 bats
  7 frilled lizards
  4 goblins (D:3)
  A quokka skeleton (D:4)
  A quokka zombie (D:6)
  7 rats
244 creatures vanquished.

Vanquished Creatures (collateral kills)
  A centaur warrior (D:11)
  An ugly thing (D:11)
  A centaur zombie (D:11)
  A vampire (D:10)
  2 yaks
  A basilisk (D:11)
  2 fire elementals (Orc:1)
  Edmund (D:6)
  2 wargs (Orc:1)
  A hell hound (Orc:1)
  4 orc warriors
  A slave (D:7)
  2 black bears
  An ogre (D:9)
  A phantom (D:12)
  3 centaurs
  2 crocodiles (Lair:1)
  A big kobold (D:10)
  2 bullfrogs
  2 killer bees
  7 wights (D:9)
  3 howler monkeys
  A crimson imp (D:5)
  A hound (D:4)
  2 centaur skeletons
  2 orc priests (Orc:1)
  3 jellies (D:6)
  8 orc wizards
  2 iguanas
  2 hell rats (Lair:2)
  2 worker ants
  A hound zombie (D:7)
  A howler monkey skeleton (D:11)
  5 gnolls
  2 adders
  6 oozes (D:6)
  A leopard gecko (D:4)
  21 orcs
  A quokka (D:6)
  4 kobolds
107 creatures vanquished.

Vanquished Creatures (others)
  2 slaves (D:7)
  11 knights
  An orc (Orc:2)
  7 fungi (D:6)
  A plant (Lair:2)
22 creatures vanquished.

Grand Total: 373 creatures vanquished

Notes
Turn   | Place    | Note
-------+----------+-------------------------------------------
     0 | D:1      | emperorscorpion the Felid Monk began the quest for the Orb.
     0 | D:1      | Reached XP level 1. HP: 10/10 MP: 2/2
   509 | D:1      | Reached XP level 2. HP: 14/14 MP: 3/3
   985 | D:2      | Reached skill level 3 in Stealth
  1563 | D:2      | Reached XP level 3. HP: 14/17 MP: 4/4
  1857 | D:2      | Found a runed translucent door.
  1858 | D:2      | Noticed Crazy Yiuf
  2091 | D:3      | Reached XP level 4. HP: 21/21 MP: 5/5
  2172 | D:3      | Reached skill level 4 in Stealth
  2569 | D:3      | Found a hazy altar of Hepliaklqana.
  3523 | D:4      | You fall through a shaft for 3 floors!
  3524 | D:7      | Noticed a slave
  3524 | D:7      | Noticed a slave
  3524 | D:7      | Noticed a bullfrog
  3547 | D:7      | Noticed a slave
  3580 | D:6      | Noticed a phantom
  3581 | D:6      | Noticed Menkaure
  3582 | D:6      | Killed from afar by Menkaure
  3583 | D:6      | Reached XP level 3. HP: -5/17 MP: 4/4
  3592 | D:6      | Learned a level 1 spell: Sandblast
  3803 | D:5      | Entered Level 5 of the Dungeon
  3848 | D:4      | Reached skill level 5 in Stealth
  3848 | D:4      | Reached XP level 4. HP: 20/21 MP: 5/5
  4206 | D:4      | Reached XP level 5. HP: 14/24 MP: 3/6
  4380 | D:4      | Reached skill level 6 in Stealth
  4454 | D:3      | Became a worshipper of Hepliaklqana the Forgotten
  4454 | D:3      | Reached * piety under Hepliaklqana
  4454 | D:3      | Reached ** piety under Hepliaklqana
  4455 | D:3      | Remembered your ancestor Jabu as a knight
  4988 | D:5      | Reached skill level 5 in Unarmed Combat
  5428 | D:5      | Found a staircase to the Ecumenical Temple.
  5452 | D:5      | Reached skill level 5 in Dodging
  5452 | D:5      | Gained mutation: You are covered in thick fur. (AC +2)
                  | [Felid growth]
  5452 | D:5      | Reached XP level 6. HP: 17/25 MP: 7/7
  5462 | Temple   | Entered the Ecumenical Temple
  6192 | D:6      | Killed Menkaure
  6192 | D:6      | Reached skill level 7 in Stealth
  6192 | D:6      | Reached XP level 7. HP: 25/27 MP: 8/8
  6196 | D:6      | Noticed Edmund
  6257 | D:6      | Found Sopuro's Gadget Shop.
  6672 | D:6      | Upgraded the game from 0.24-a0-123-ga2403f3 to
                  | 0.24-a0-125-gdf02491
  6960 | D:6      | Killed Edmund
  6960 | D:6      | Reached XP level 8. HP: 12/30 MP: 7/10
  7011 | D:6      | Reached skill level 1 in Spellcasting
  7011 | D:6      | Reached skill level 1 in Evocations
  7298 | D:6      | Noticed an oklob plant
  7320 | D:6      | You fall through a shaft for 3 floors!
  7320 | D:9      | Reached *** piety under Hepliaklqana
  7337 | D:9      | Reached skill level 1 in Earth Magic
  7586 | D:8      | Reached skill level 8 in Stealth
  8156 | D:8      | Killed from afar by an orc priest
  8157 | D:8      | Reached XP level 7. HP: -3/27 MP: 2/11
  8483 | D:6      | Found a burning altar of Makhleb.
  8574 | D:6      | Reached XP level 8. HP: 9/32 MP: 10/12
  8918 | D:7      | Found a sparkling altar of Nemelex Xobeh.
  8918 | D:7      | Found a bloodstained altar of Trog.
  8966 | D:7      | Noticed Pikel
  8996 | D:7      | Killed Pikel
  9627 | D:7      | Noticed Harold
 10107 | D:7      | HP: 1/32 [Harold/harpoon shot (9)]
 10126 | D:8      | Reached XP level 9. HP: 2/35 MP: 16/16
 10137 | D:8      | Gained mutation: Your spells are a little easier to cast,
                  | but a little less powerful. [potion of mutation]
 10137 | D:8      | Gained mutation: Your flesh is heat resistant. (rF+)
                  | [potion of mutation]
 10137 | D:8      | Gained mutation: Your flesh is cold resistant. (rC+)
                  | [potion of mutation]
 10619 | D:8      | Found a deep blue altar of Sif Muna.
 10620 | D:8      | Reached **** piety under Hepliaklqana
 10705 | D:8      | Reached skill level 9 in Stealth
 11298 | D:9      | Found a shimmering altar of Xom.
 11410 | D:9      | Reached skill level 5 in Spellcasting
 12066 | D:9      | Found a glowing golden altar of the Shining One.
 13066 | D:10     | Entered Level 10 of the Dungeon
 13098 | D:10     | Learned a level 3 spell: Stone Arrow
 13134 | D:10     | Noticed a troll
 13148 | D:10     | Reached skill level 10 in Stealth
 13148 | D:10     | Reached skill level 5 in Earth Magic
 13148 | D:10     | Reached XP level 10. HP: 2/37 MP: 18/18
 13205 | D:10     | Killed from afar by an orc wizard
 13206 | D:10     | Reached XP level 9. HP: -1/35 MP: 13/18
 13264 | D:10     | Learned a level 5 spell: Lee's Rapid Deconstruction
 13379 | D:10     | Found a flagged portal.
 13405 | Bailey   | Entered a bailey
 13545 | D:10     | Noticed Maurice
 13650 | D:10     | Killed Maurice
 13695 | D:10     | Killed a troll
 14550 | D:10     | Reached skill level 1 in Conjurations
 15156 | D:11     | Noticed a cyclops
 15177 | D:11     | Learned a level 4 spell: Petrify
 15180 | D:11     | Learned a level 2 spell: Passwall
 15385 | D:11     | Reached ***** piety under Hepliaklqana
 15388 | D:11     | Noticed a cyan ugly thing
 15474 | D:11     | Killed a purple ugly thing
 15474 | D:11     | Reached skill level 10 in Unarmed Combat
 15474 | D:11     | Reached XP level 10. HP: 14/37 MP: 1/20
 15694 | D:11     | Reached skill level 1 in Invocations
 15778 | D:11     | Reached skill level 11 in Stealth
 15998 | D:11     | Noticed a seven-headed hydra
 16053 | D:11     | Killed a seven-headed hydra
 16260 | D:11     | Noticed an elephant
 16325 | D:11     | Found a staircase to the Lair.
 16420 | D:11     | Killed an elephant
 16836 | D:11     | Reached skill level 1 in Transmutations
 16914 | D:11     | Noticed a centaur warrior
 16924 | D:11     | Killed a centaur warrior
 17210 | D:12     | Found a staircase to the Orcish Mines.
 17220 | D:12     | Learned a level 1 spell: Summon Butterflies
 17446 | D:12     | Reached XP level 11. HP: 41/41 MP: 22/22
 18095 | Orc:1    | Entered Level 1 of the Orcish Mines
 18133 | Orc:1    | Noticed an orc warlord
 18506 | Orc:1    | Found an iron altar of Okawaru.
 18658 | Orc:1    | Found a roughly hewn altar of Beogh.
 18763 | Orc:2    | Entered Level 2 of the Orcish Mines
 18763 | Orc:2    | Found a roughly hewn altar of Beogh.
 18787 | Orc:2    | Reached skill level 12 in Stealth
 18985 | Orc:2    | Found a staircase to the Elven Halls.
 18985 | Orc:2    | Noticed Azrael
 19004 | D:12     | HP: 1/41 [orc warlord/+0 great sword (19)]
 19787 | Orc:1    | Found a roughly hewn altar of Beogh.
 20052 | Orc:1    | Found an iron altar of Okawaru.
 20333 | Orc:2    | Noticed an orc knight
 20625 | Orc:1    | Killed an orc knight
 20727 | Orc:2    | Noticed an orc knight
 20747 | Orc:2    | Noticed an orc knight
 20749 | Orc:2    | Noticed an orc knight
 20835 | Orc:1    | Killed an orc knight
 20982 | Lair:1   | Entered Level 1 of the Lair of Beasts
 21306 | Lair:1   | You fall through a shaft!
 22215 | Lair:1   | Mangled by a spiny frog

Levels and vault maps discovered:
D:1:      psy_arrival_basics, layout_rooms, minmay_misc_feat_four_crosses
D:2:      layout_basic, chequers_garden, uniq_crazy_yiuf_cottage
D:3:      layout_basic, nicolae_overflow_crystal_walls
D:4:      layout_loops_corners
D:5:      layout_loops_cross, minmay_temple_entry_junction, first_ration,
          minmay_misc_feat_tower
D:6:      lemuel_slime, layout_basic, kennysheep_little_box, serial_shops,
          shop_statue, uniq_menkaure, uniq_edmund
D:7:      layout_cave_pools, ashenzari_altar_1, tgw_sif,
          grunt_temple_overflow_open, uniq_pikel, uniq_harold
D:8:      kennysheep_orc_sif_temple, layout_gridville
D:9:      layout_roguey, nicolae_tso_swordbearing_angel,
          overflow_temple_1_default
D:10:     layout_loops_corners, enter_bailey_2, uniq_maurice
D:11:     layout_gridville, david_lair_generic
D:12:     layout_gridville, orc_0_dummy
Temple:   dpeg_chambers_temple
Lair:1:   layout_roguey
Lair:2:   cheibrodos_lair_overgrown_chateau, layout_misc_corridors
Orc:1:    layout_caves, basic_altar, okawaru_metal_pillars_1_2
Orc:2:    st_orc_town, layout_caves, enter_volcano_2, gammafunk_ghost_arena,
          basic_altar, uniq_azrael
Bailey:   bailey_polearm_flooded_kennysheep, bailey

Skill      XL: |  1  2  3  4  5  6  7  8  9 10 11 |
---------------+----------------------------------+-----
Stealth        | 3 5 4 6 7 8 10 11 12 | 12.3
Unarmed Combat | 4 5 6 7 8 10 | 10.2
Dodging        | 5 6 7 8 |  8.6
Spellcasting   | 4 6 8 |  8.8
Evocations     | 2 3 |  3.7
Earth Magic    | 4 5 6 8 |  8.1
Fighting       | 4 |  4.3
Conjurations   | 1 2 |  2.6
Invocations    | 1 |  1.1
Transmutations | 1 |  1.2
Summonings     | |  0.3

Action                   |  1- 3 |  4- 6 |  7- 9 | 10-12 || total
-------------------------+-------+-------+-------+-------++-------
Melee: Unarmed           |   113 |   144 |   261 |   149 ||   667
       Bite              |     9 |    13 |    29 |    14 ||    65
       Punch             |     3 |     3 |     8 |    10 ||    24
 Cast: Sandblast         |       |     2 |   104 |     5 ||   111
       Stone Arrow       |       |       |    23 |   116 ||   139
       Petrify           |       |       |     2 |     2 ||     4
       Lee's Rapid Decon |       |       |     1 |     7 ||     8
       Summon Butterflie |       |       |       |     1 ||     1
Invok: Ancestor Life: Kn |       |     1 |       |       ||     1
       Recall Ancestor   |       |     1 |    23 |    11 ||    35
       Transference      |       |       |     1 |       ||     1
       Idealise          |       |       |       |     1 ||     1
Evoke: Wand              |       |     2 |    26 |    14 ||    42
  Use: Potion            |     1 |       |    13 |     1 ||    15
       Scroll            |       |    11 |     5 |     7 ||    23
 Stab: Sleeping          |     6 |     9 |    27 |    11 ||    53
       Distracted        |       |     2 |     2 |     1 ||     5
       Invisible         |       |       |     2 |       ||     2
       Paralysed         |       |       |       |     2 ||     2
  Eat: Chunk             |    15 |     6 |    32 |    22 ||    75
Armor: Skin              |     6 |     1 |    11 |    10 ||    28
Dodge: Dodged            |    88 |   149 |   247 |   170 ||   654

Table legend:
 A = Non-vault XP
 B = Vault XP
 C = Vault XP percentage of total XP
 D = Non-vault monster count
 E = Vault monster count
 F = Vault count percentage of total count
                 A         B        C        D         E       F
            +---------+---------+-------+---------+---------+-------
      Total |   19737 |    5411 |  21.5 |     310 |      40 |  11.4
            +---------+---------+-------+---------+---------+-------
        D:1 |      21 |       0 |   0.0 |      14 |       0 |   0.0
        D:2 |      57 |       0 |   0.0 |      13 |       0 |   0.0
        D:3 |      52 |       0 |   0.0 |      24 |       0 |   0.0
        D:4 |     207 |       0 |   0.0 |      11 |       0 |   0.0
        D:5 |     326 |       0 |   0.0 |      17 |       0 |   0.0
        D:6 |     927 |     664 |  41.7 |      27 |      19 |  41.3
        D:7 |     379 |     641 |  62.8 |      15 |       1 |   6.2
        D:8 |    1441 |     175 |  10.8 |      38 |       2 |   5.0
        D:9 |    1665 |       0 |   0.0 |      28 |       0 |   0.0
       D:10 |    1966 |     469 |  19.3 |      29 |       1 |   3.3
       D:11 |    4665 |     996 |  17.6 |      21 |       4 |  16.0
       D:12 |    1599 |       0 |   0.0 |      13 |       0 |   0.0
     Lair:1 |    1443 |       0 |   0.0 |       7 |       0 |   0.0
     Lair:2 |    2869 |       0 |   0.0 |      18 |       0 |   0.0
      Orc:1 |    1622 |    2463 |  60.3 |      27 |      12 |  30.8
      Orc:2 |     498 |       3 |   0.6 |       8 |       1 |  11.1
            +---------+---------+-------+---------+---------+-------
